Description

The tactic is not perfect and I hope you can play it that way. I would be happy about a like

Build Order

Why is there no SALT encoding or Overwolf build?

  13  0:17  Pylon  
  14  0:30  Assimilator  
  14  0:39  Gateway  
  18  1:15  Gateway  
  19  1:30  Zealot  
  19  1:31  Cybernetics Core  
  21  2:00  Pylon x2  
  21  2:08  Forge  
  21  2:09  Warp Gate (Chrono Boost)  
  22  2:20  Zealot x2  
  22  2:50  Stalker x2  
  22  3:00  Photon Cannon x3  
  25  3:33  Twilight Council  
  25  3:39  Probe, Pylon x2  send a probe to the enemy who builds a pylon at the exit and 3 photon cannons so that nobody can get out of the base
  27  3:55  Stalker x2  build 8 more direct among the cooldwon
  27  4:10  Blink  
  30  4:50  Forge x2 (Chrono Boost)  upgrade all upgrades 1 Time with Crono boost
  30  6:00  Stalker  Attack with all stalkers
Spawning Tool Build Advisor. Get it on Overwolf

Analysis

is not perfect

Go to:

Details

  • Created by: ZeroSenpai
  • Published on: Jun 30, 2021
  • Modified on: Jun 30, 2021
  • Patch: 4.11.0
  • Difficulty: Medium
Show

Export as new Build Order

Comments (0)

There are no comments. Be the first!

Create an account to comment!